 Dungeon Crawl Stone Soup version 0.20-b1-18-gaa2fd62 (webtiles) character file.

74 MTVSty1e the Insei (level 4, -1/30 HPs)
             Began as an Octopode Transmuter on May 24, 2017.
             Slain by a hobgoblin (3 damage)
             ... on level 2 of the Dungeon.
             The game lasted 00:05:08 (2317 turns).

MTVSty1e the Insei (Octopode Transmuter)            Turns: 2317, Time: 00:05:09

Health: -1/30      AC:  3    Str:  9    XL:     4   Next: 30%
Magic:  5/16       EV: 13    Int: 21    God:
Gold:   70         SH:  0    Dex: 12    Spells: 0/7 levels left

rFire    . . .     SeeInvis .     - Unarmed
rCold    . . .     Gourm    .   (no shield)
rNeg     . . .     Faith    .   l - +2 hat
rPois    .         Spirit   .   a - amulet of magic regeneration
rElec    .         Reflect  .   j - +5 ring of intelligence
rCorr    .         Harm     .   f - ring of magical power
MR       .....                  (no ring)
Stlth    ++........             (no ring)
Regen    0.1/turn               (no ring)
MPRegen  0.3/turn               (no ring)
                                (no ring)
                                (no ring)

@: appendage (expiring), very slightly contaminated
A: almost no armour, stealthy swim, amphibious, 8 rings, constrict 8, tentacle
spike 3, camouflage 1, gelatinous body 1
a: End Transformation


You were on level 2 of the Dungeon.
You were not hungry.
One of your tentacles had a temporary spike.
You visited 1 branch of the dungeon, and saw 2 of its levels.

You collected 70 gold pieces.

Inventory:

Armour
 l - a +2 hat (worn)
Jewellery
 a - an amulet of magic regeneration (around mantle)
 f - a ring of magical power (right tentacle)
 j - a +5 ring of intelligence (left tentacle)
Scrolls
 e - 2 scrolls of recharging
 m - a scroll of remove curse
Potions
 d - 4 potions of curing {unknown}
 g - a potion of lignification {unknown}
 k - a potion of heal wounds {unknown}
 o - 2 potions of mutation {unknown}
Books
 b - a book of Changes

   Spells                             Type                      Level
   a - Beastly Appendage              Transmutation                1
   b - Sticks to Snakes               Transmutation                2
   c - Spider Form                    Transmutation/Poison         3
   d - Ice Form                       Ice/Transmutation            4
   e - Blade Hands                    Transmutation                5
Comestibles
 c - 2 fruits


   Skills:
 * Level 2.5 Fighting
 + Level 2.4 Dodging
 + Level 3.3 Unarmed Combat
 + Level 2.2 Spellcasting
 + Level 2.6 Transmutations
 * Level 0.0 Ice Magic


You couldn't memorise any spells.
You knew the following spells:

 Your Spells              Type           Power        Failure   Level  Hunger
a - Beastly Appendage     Tmut           ##....       4%          1    #......
b - Sticks to Snakes      Tmut           ##......     8%          2    ##.....
c - Ice Form              Ice/Tmut       #.......     63%         4    #####..


Dungeon Overview and Level Annotations

Branches:
Dungeon (2/15)

Altars:


Innate Abilities, Weirdness & Mutations

You cannot wear most types of armour.
You are very stealthy in the water. (Stealth+)
You are amphibious.
You can wear up to eight rings at the same time.
You can use your tentacles to constrict eight enemies at once.
Your skin changes colour to match your surroundings (Stealth+).
Your rubbery body absorbs attacks. (AC +1, EV +1)
One of your tentacles bears a large vicious spike.


Message History

* * * LOW HITPOINT WARNING * * *
The adder barely misses you.
You barely miss the adder. You grab the adder.
The adder is moderately wounded.
You constrict the adder. The hobgoblin closely misses you. The adder bites you.
* * * LOW HITPOINT WARNING * * *
Casting: Sticks to Snakes
Confirm with . or Enter, or press ? or * to list all spells.
The spell is very dangerous to cast!
Continue anyway?
You miscast Ice Form.
You are very lightly contaminated with residual magic.
Frost covers your body.
You constrict the adder.
The hobgoblin hits you but does no damage.
The adder misses you.
You barely miss the adder.
The adder is severely wounded.
You constrict the adder. The adder bites you.
* * * LOW HITPOINT WARNING * * *
The hobgoblin hits you.
You die...

******,,,,*,,,,,*,,,,,.
#.......,,*,,,,,,,,,,,,
#......#*,******,,*,,,,
#......#*,**,,,,,,,,,,,
#?.....#*,**,,,,,,,,,,,
#......##+##,,,,,,,,,,,
#..........#,,,,,,,,,,,
#..........#,,,,,,,,,,,
*#....S@..>.+,,,,,,,,,,,
#.....g#....#,,,,,,,,,,,
#.####.#....####+##*,,,,
*,* #.#....##....#*****
*,* #.#....#.....# ###
*,***#.#....#.....# #..
*,,,,#.#....#.....# #..
*,,,,#.#....#.....####..
*,,,,,,#.####...........


You could see an adder and a hobgoblin.

Vanquished Creatures
  A gnoll (D:1)
  An adder (D:2)
  An ooze (D:1)
  A worm (D:2)
  2 dart slugs
  3 leopard geckos
  3 giant cockroaches
  4 goblins
  4 hobgoblins
  2 jackals (D:2)
  9 bats
  3 frilled lizards
  4 kobolds (D:1)
  5 rats (D:1)
43 creatures vanquished.

Vanquished Creatures (others)
  7 toadstools (D:1)
7 creatures vanquished.

Grand Total: 50 creatures vanquished

Notes
Turn   | Place    | Note
-------+----------+-------------------------------------------
     0 | D:1      | MTVSty1e the Octopode Transmuter began the quest for the Orb.
     0 | D:1      | Reached XP level 1. HP: 13/13 MP: 3/3
   344 | D:1      | Reached XP level 2. HP: 2/18 MP: 3/5
   664 | D:1      | Reached XP level 3. HP: 2/24 MP: 6/6
   700 | D:1      | Learned a level 2 spell: Sticks to Snakes
  2044 | D:2      | Reached XP level 4. HP: 26/30 MP: 7/7
  2050 | D:2      | Learned a level 4 spell: Ice Form
  2317 | D:2      | Slain by a hobgoblin

Skill      XL: |  1  2  3 |
---------------+----------+-----
Fighting       | 2 |  2.5
Dodging        | |  2.4
Unarmed Combat | |  3.3
Spellcasting   | |  2.2
Transmutations | |  2.6

Action                   |  1- 3 |  4- 6 || total
-------------------------+-------+-------++-------
Melee: Unarmed           |    98 |    29 ||   127
       Constrict         |    27 |     6 ||    33
       Tentacles         |    16 |     2 ||    18
       Kick              |    10 |     4 ||    14
       Punch             |     2 |     1 ||     3
 Cast: Beastly Appendage |    17 |     6 ||    23
  Use: Scroll            |     6 |       ||     6
 Stab: Sleeping          |     6 |     1 ||     7
       Distracted        |     1 |       ||     1
  Eat: Bread ration      |     1 |       ||     1
Armor: Skin              |    14 |     4 ||    18
Dodge: Dodged            |    67 |    22 ||    89
